 Dungeon Crawl Stone Soup version 0.27-a0-1122-g2a214b436d (webtiles) character file.

Game seed: 13024272103686581038

1025 BigRedEye the Cudgeller (level 8, -3/52 HPs)
             Began as a Gargoyle Fighter on May 2, 2021.
             Slain by a gnoll
             ... wielding a +0 flail
              (6 damage)
             ... on level 6 of the Dungeon.
             The game lasted 00:16:15 (5900 turns).

BigRedEye the Cudgeller (Gargoyle Fighter)          Turns: 5900, Time: 00:16:15

Health: -3/52      AC: 17    Str: 21 (22) XL:     8   Next: 23%
Magic:  8/8        EV:  5    Int:  6 (9)  God:
Gold:   241        SH:  9    Dex:  8 (11) Spells: 7/7 levels left

rFire    . . .     SeeInvis .   a - +0 morningstar
rCold    . . .     Faith    .   c - +0 kite shield
rNeg     + . .     Spirit   .   g - +0 chain mail
rPois    ∞         Reflect  .   o - +2 helmet
rElec    +         Harm     .   (no cloak)
rCorr    .         Rampage  .   (no gloves)
Will     .....                  (no boots)
Stlth    ..........             (no amulet)
HPRegen  0.17/turn              (no ring)
MPRegen  0.11/turn              (no ring)

@: no status effects
A: AC +5, negative energy resistance 1, electricity resistance, torment
resistance 1, unbreathing 1, petrification resistance, agile 1, MP-powered wands
a: no special abilities


You were on level 6 of the Dungeon.
You visited 1 branch of the dungeon, and saw 6 of its levels.

You collected 241 gold pieces.

Inventory:

Hand Weapons
 a - a +0 morningstar (weapon)
 b - a +0 hunting sling
 h - a +0 flail
Missiles
 i - 66 arrows
 l - 208 stones (quivered)
 q - 3 atropa-tipped darts
Armour
 c - a +0 kite shield (worn)
 g - a +0 chain mail (worn)
 o - a +2 helmet (worn)
Wands
 k - a wand of iceblast (11)
 r - a wand of flame (24)
Scrolls
 e - 4 scrolls of identify {unknown}
 j - a scroll of torment {unknown}
 n - a scroll of magic mapping {unknown}
 p - a scroll of fear {unknown}
 s - a scroll of enchant weapon {unknown}
 t - a scroll of teleportation
Potions
 d - a potion of might
 f - a potion of berserk rage
 m - a potion of degeneration
 u - a potion of curing {unknown}
 v - a potion of haste {unknown}


   Skills:
 + Level 6.7 Fighting
 * Level 7.8 Maces & Flails
 - Level 3.2 Armour
 - Level 3.2 Shields


You had 7 spell levels left.
You didn't know any spells.
Your spell library contained the following spells:

 Spells                   Type           Power      Damage    Failure   Level
 Animate Skeleton         Necr           0%         N/A       100%        1
 Pain                     Necr           0%         1d4       100%        1
 Summon Small Mammal      Summ           0%         N/A       100%        1
 Call Imp                 Summ           0%         N/A       100%        2
 Call Canine Familiar     Summ           0%         N/A       100%        3
 Summon Guardian Golem    Hex/Summ       0%         N/A       100%        3
 Vampiric Draining        Necr           0%         2d6       100%        3
 Animate Dead             Necr           0%         N/A       100%        4
 Summon Ice Beast         Ice/Summ       0%         N/A       100%        4
 Summon Lightning Spire   Summ/Air       0%         N/A       100%        4
 Agony                    Necr           0%         N/A       100%        5


Dungeon Overview and Level Annotations

Branches:
Dungeon (6/15)
 Temple: D:4-7

Altars:
Hepliaklqana
Okawaru
Qazlal
Ru
Uskayaw

Shops:
D:3 =:*[   D:5 [


Innate Abilities, Weirdness & Mutations

Your stone body is resilient. (AC +5)
You are immune to poison.
You resist negative energy. (rN+)
You are resistant to electric shocks. (rElec)
You are resistant to unholy torment.
You can survive without breathing.
You are immune to petrification.
You are agile. (Dex +2)
You expend magic power (3 MP) to strengthen your wands.


Message History

The gnoll hits you but does no damage. You block the gnoll's attack.
The gnoll hits you from afar with a +0 halberd!
The gnoll is no longer moving quickly.
The gnoll barely misses you.
You are no longer glowing.
The gnoll hits you but does no damage. You block the gnoll's attack.
You closely miss the gnoll. The gnoll hits you but does no damage.
The gnoll hits you from afar with a +0 halberd.
The gnoll hits you with a +0 flail.
Your shield prevents you from hitting the gnoll.
You block the gnoll's attack. x2; The gnoll closely misses you.
You block the gnoll's attack. The gnoll hits you but does no damage.
The gnoll hits you but does no damage.
The gnoll shaman calls upon its god to speed up the gnoll.
The gnoll seems to speed up.
You block the gnoll's attack. The gnoll hits you but does no damage.
The gnoll hits you from afar with a +0 halberd!
* * * LOW HITPOINT WARNING * * *
You block the gnoll's attack. The gnoll completely misses you.
The gnoll hits you but does no damage. The gnoll barely misses you.
The gnoll hits you but does no damage. The gnoll hits you but does no damage.
The gnoll hits you but does no damage. You block the gnoll's attack.
There is a stone staircase leading down here.
The gnoll hits you with a +0 flail.
* * * LOW HITPOINT WARNING * * *
The gnoll hits you from afar with a +0 halberd.
* * * LOW HITPOINT WARNING * * *
You climb downwards.
A wyvern skeleton comes into view.
There is a stone staircase leading up here.
It was a potion of degeneration.
There was something very wrong with that liquid.
You feel weakened.
You feel dopey.
You feel clumsy. The gnoll hits you with a +0 flail.
You die...

...######
.......@#
...####Zg#
##.# .# ..
###


You could see a gnoll (fast) and a wyvern skeleton.

Vanquished Creatures
  Grinder (D:3)
  A steam dragon (D:4)
  A black bear (D:5)
  An ogre (D:5)
  A scorpion (D:4)
  A water moccasin skeleton (D:5)
  A howler monkey (D:3)
  A bullfrog zombie (D:5)
  3 orc priests
  A hound (D:5)
  An orc wizard (D:4)
  A killer bee zombie (D:5)
  Robin (D:2)
  A gnoll (D:5)
  5 adders
  An adder skeleton (D:4)
  2 worms (D:3)
  3 dart slugs
  6 orcs
  3 ball pythons
  5 bats
  6 endoplasms
  5 giant cockroaches
  14 goblins
  4 hobgoblins
  6 jackals
  5 quokkas
  3 frilled lizards
  7 kobolds
  7 rats
98 creatures vanquished.

Vanquished Creatures (others)
  A hobgoblin (D:4)
  4 withered plants (D:1)
5 creatures vanquished.

Grand Total: 103 creatures vanquished

Notes
Turn   | Place    | Note
-------+----------+-------------------------------------------
     0 | D:1      | BigRedEye the Gargoyle Fighter began the quest for the Orb.
     0 | D:1      | Reached XP level 1. HP: 14/14 MP: 1/1
   152 | D:1      | Found a faded altar of an unknown god.
   160 | D:1      | Reached XP level 2. HP: 19/19 MP: 2/2
   878 | D:1      | Reached skill level 3 in Maces & Flails
  1147 | D:2      | Reached XP level 3. HP: 22/24 MP: 3/3
  1339 | D:2      | Noticed Robin
  1695 | D:2      | Killed Robin
  2120 | D:3      | Reached XP level 4. HP: 12/29 MP: 4/4
  2343 | D:3      | Noticed Grinder
  2349 | D:3      | Paralysed by Grinder for 6 turns
  2361 | D:3      | Killed Grinder
  2362 | D:3      | Reached skill level 5 in Fighting
  2362 | D:3      | Reached skill level 5 in Maces & Flails
  2362 | D:3      | Reached XP level 5. HP: 17/35 MP: 5/5
  2362 | D:3      | Reached XP level 6. HP: 20/40 MP: 6/6
  2674 | D:3      | Found a sacrificial altar of Ru.
  2676 | D:3      | Found a stormy altar of Qazlal.
  2680 | D:3      | Found a hide-covered altar of Uskayaw.
  2843 | D:3      | Found Iloakuega's Armour Emporium.
  2901 | D:3      | Found Ryotefapp's Book Boutique.
  2912 | D:3      | Found Vyutu's Jewellery Shop.
  2922 | D:3      | Found Lefod's Assorted Antiques.
  2943 | D:3      | Gained mutation: You expend magic power (3 MP) to
                  | strengthen your wands. [potion of mutation]
  2943 | D:3      | Gained mutation: You are agile. (Dex +2) [potion of
                  | mutation]
  4022 | D:4      | Reached skill level 6 in Maces & Flails
  4022 | D:4      | Reached XP level 7. HP: 44/44 MP: 7/7
  4184 | D:4      | Noticed a steam dragon
  4557 | D:4      | Killed a steam dragon
  5243 | D:5      | Entered Level 5 of the Dungeon
  5404 | D:5      | Reached skill level 7 in Maces & Flails
  5466 | D:5      | Reached XP level 8. HP: 52/52 MP: 8/8
  5503 | D:5      | Found Ganal's Antique Armour Shop.
  5717 | D:5      | Found a hazy altar of Hepliaklqana.
  5795 | D:5      | Found an iron altar of Okawaru.
  5900 | D:6      | Slain by a gnoll

Illustrated notes

Levels and vault maps discovered:
D:1:      psy_arrival_whirlpool, layout_loops_ring,
          ebering_ecumenical_altar_petrified
D:2:      layout_loops_cross, uniq_robin
D:3:      layout_loops_ring, grunt_temple_overflow_diamond, serial_shops,
          nicolae_shop_trees, nicolae_shop_window_shopping, shop,
          nicolae_shop_waterfront, grunt_decor_clamped,
          minmay_misc_feat_nine_boxes, minivault_24,
          minmay_randomly_rotated_circles, uniq_grinder
D:4:      layout_cave_pods
D:5:      layout_loops_ring, nicolae_hepliaklqana_hippocampus,
          general_overflow_altar, temple_hall, serial_shops, shop
D:6:      layout_rooms, nicolae_dithmenos_shadow_blocks

Skill      XL: |  1  2  3  4  5  6  7 |
---------------+----------------------+-----
Maces & Flails | 3 5 6 7 |  7.8
Fighting       | 4 5 6 |  6.7
Armour         | |  3.2
Shields        | |  3.2

Action                   |  1- 3 |  4- 6 |  7- 9 || total
-------------------------+-------+-------+-------++-------
Melee: Flail             |   134 |    55 |       ||   189
       Morningstar       |       |    84 |   123 ||   207
Evoke: Wand              |       |       |     6 ||     6
  Use: Potion            |       |     4 |     1 ||     5
       Scroll            |       |       |     2 ||     2
 Stab: Distracted        |       |     1 |       ||     1
Armor: Scale mail        |    18 |       |       ||    18
       Chain mail        |    53 |    97 |   111 ||   261
Dodge: Dodged            |    30 |    22 |    35 ||    87
Block: Kite shield       |    63 |    79 |    83 ||   225

Table legend: (Time is in decaauts)
 A = Elapsed time spent in this place.
 B = Non-inter-level travel time spent in this place.
 C = Inter-level travel time spent in this place.
 D = Time resting spent in this place.
 E = Time spent auto-exploring this place.
 F = Levels seen in this place.
 G = Mean time per level.
                   A        B        C        D        E       F      G
               +--------+--------+--------+--------+--------+-----+--------+
         Total |   6097 |   5581 |    516 |   1305 |   3041 |   6 | 1016.2 |
       Dungeon |   6097 |   5581 |    516 |   1305 |   3041 |   6 | 1016.2 |
               +--------+--------+--------+--------+--------+-----+--------+

Top non-repeatable levels by time:
     D:3: 1649 daAuts
     D:4: 1620 daAuts
     D:1: 1492 daAuts
     D:2: 754 daAuts
     D:5: 579 daAuts
     D:6: 0 daAuts
